 Dungeon Crawl Stone Soup version 0.20-a0-1050-g57248f3 (webtiles) character file.

101089 JeffiDaFish the Bludgeoner (level 16, -14/105 HPs)
             Began as a Gargoyle Fighter on Apr 25, 2017.
             Was the Champion of Okawaru.
             Demolished by an orc knight
             ... wielding a +0 halberd
              (32 damage)
             ... on level 2 of the Orcish Mines.
             The game lasted 01:09:41 (21406 turns).

JeffiDaFish the Bludgeoner (Gargoyle Fighter)      Turns: 21406, Time: 01:09:42

Health: -14/105    AC: 42    Str: 20    XL:     16   Next: 29%
Magic:  0/18       EV:  8    Int:  9    God:    Okawaru [******]
Gold:   2489       SH: 14    Dex: 17    Spells: 14/17 levels left

rFire    + . .     SeeInvis +   x - +5 demon whip (venom)
rCold    . . .     Gourm    .   c - +0 shield
rNeg     + . .     Faith    .   u - +1 plate armour {rF+}
rPois    ∞         Spirit   +   I - +1 helmet
rElec    +         Reflect  .   o - +1 cloak {rPois}
rCorr    .         Harm     .   G - +3 pair of gauntlets of War {Slay+5}
MR       +....     Rnd*Tele +   F - +2 pair of boots
Stlth    ..........             w - amulet of guardian spirit
Regen    0.7/turn               e - +3 ring of dexterity
MPRegen  0.2/turn               E - ring of see invisible

@: flying
A: big wings, yellow scales 1, dopey 1, negative energy resistance 1,
regeneration 1, electricity resistance, teleportitis 1, unbreathing,
petrification resistance, rot immunity, AC +11
a: Stop Flying, Heroism, Finesse, Renounce Religion


You were on level 2 of the Orcish Mines.
You worshipped Okawaru.
Okawaru was exalted by your worship.
You were hungry.

You visited 4 branches of the dungeon, and saw 24 of its levels.
You also visited: Labyrinth and Bailey.

You collected 2489 gold pieces.

Inventory:

Hand Weapons
 x - a +5 demon whip of venom (weapon)
 C - the +2 eveningstar "Hotiucke" {drain, +Rage MP+9 Dex+4}
   (You acquired it on level 2 of the Lair of Beasts)

   A truly terrible weapon, it drains the life of those it strikes.
   It affects your dexterity (+4).
   It affects your magic capacity (+9).
   It lets you go berserk.
Armour
 c - a +0 shield (worn)
 o - a +1 cloak of poison resistance (worn)
 u - a +1 plate armour of fire resistance (worn)
 F - a +2 pair of boots (worn)
 G - the +3 pair of gauntlets of War (worn) {Slay+5}
   (You found it on level 6 of the Lair of Beasts)

   It affects your accuracy and damage with ranged weapons and melee attacks
   (+5).
 I - a +1 helmet (worn)
Jewellery
 e - a +3 ring of dexterity (left hand)
 s - an uncursed ring of protection from fire
 w - an amulet of guardian spirit (around neck)
 E - a ring of see invisible (right hand)
Scrolls
 b - 4 scrolls of fog
 g - 7 scrolls of teleportation
 k - 4 scrolls of identify
 p - 12 scrolls of remove curse
 r - 6 scrolls of amnesia
 y - a scroll of holy word
 z - 3 scrolls of recharging
 D - 2 scrolls of fear
Potions
 a - 3 potions of brilliance
 d - a potion of might
 n - 7 potions of curing
 q - 6 potions of agility
 t - 4 potions of heal wounds
 v - a potion of berserk rage
 A - 4 potions of haste
Books
 B - a book of Power

   Spells                             Type                      Level
   a - Iskenderun's Battlesphere      Conjuration/Charms           5
   b - Venom Bolt                     Conjuration/Poison           5
   c - Bolt of Magma                  Conjuration/Fire/Earth       5
   d - Iron Shot                      Conjuration/Earth            6
   e - Orb of Destruction             Conjuration                  7
   f - Spellforged Servitor           Conjuration/Summoning        7
Comestibles
 f - 13 bread rations
 h - 7 royal jellies
 i - 18 meat rations
 j - 11 fruits
 l - 22 chunks of flesh


   Skills:
 * Level 13.9 Fighting
 * Level 17.1 Maces & Flails
 * Level 11.9 Armour
 + Level 3.0 Dodging
 - Level 2.2 Stealth
 * Level 15.6 Shields
 + Level 1.4 Spellcasting
 + Level 1.4 Conjurations
 + Level 1.4 Air Magic
 + Level 1.4 Poison Magic


You had 14 spell levels left.
You knew the following spells:

 Your Spells              Type           Power        Failure   Level  Hunger
a - Mephitic Cloud        Conj/Pois/Air  #.......     100%        3    ####...


Dungeon Overview and Level Annotations

Branches:
Dungeon (15/15)            Temple (1/1) D:6            Lair (6/6) D:8
 Shoals (0/4) Lair:3       Spider (0/4) Lair:4        Slime (0/5) Lair:6
    Orc (2/2) D:11         Vaults (0/5) D:14         Depths (0/5) D:15
    Elf: Orc:2

Altars:
Ashenzari
Cheibriados
Dithmenos
Elyvilon
Fedhas
Gozag
Hepliaklqana
Kikubaaqudgha
Makhleb
Nemelex Xobeh
Okawaru
Qazlal
Ru
Sif Muna
Trog
Uskayaw
Vehumet
Wu Jian
Xom
Yredelemnul
Zin
The Shining One
Beogh
Jiyva

Shops:
D:6 =   D:14 [   Orc:1 [   Orc:2 =

Annotations:
Lair:5 exclusion: 4 oklob plants


Innate Abilities, Weirdness & Mutations

You are resistant to torment.
Your stone body is resilient. (AC +11)
You are immune to poison.
Your large and strong wings let you fly indefinitely.
You resist negative energy. (rN+)
You are resistant to electric shocks. (rElec)
You can survive without breathing.
You are immune to petrification.
You are immune to rotting.
You are partially covered in yellow scales. (AC +2)
You are dopey. (Int -2)
Your natural rate of healing is unusually fast.
You are occasionally teleported next to monsters.


Message History

You kill the orc warrior!
Okawaru accepts your kill. The warg bites you but does no damage.
The orc knight unwields an uncursed great mace.
The orc knight wields an arbalest.
The orc knight shoots a bolt.
You block the bolt. You block the orc warrior's attack.
The orc warrior hits you with a short sword.
* * * LOW HITPOINT WARNING * * *
The orc knight roars a battlecry!
The orc knight goes into a battle-frenzy!
The troll bites you!
* * * LOW HITPOINT WARNING * * *
The troll barely misses you. The troll claws you but does no damage.
You block the ogre's attack. The ynoxinul barely misses you.
You block the orc knight's attack. You block the orange demon's attack.
You block the red devil's attack. You block the orc high priest's attack.
The orc warrior hits you but does no damage.
The orc knight hits you with a halberd!!
You die...

.#..#.P........
.............P.
...............#
..................
......$........#.
..$...45........#
.....5ooo4.....# ##
.....oO@oT5...# ...
.....hoh355...#......
..P..oooT5....#....$#
......oo5..).....<.. .
..P................ #P
.................#####..
.........#..#...####.#..
............##.###......
..........$#.........#..


You could see 3 orc knights, an orc high priest, an orange demon, 2 trolls, a
ynoxinul, 2 wargs, a red devil, 5 orc warriors, an ogre, 2 orcs and 7 ufetubi.

Vanquished Creatures
  Gastronok (Lair:2)
  3 orc warlords
  4 dire elephants (Lair:6)
  A minotaur (Lab)
  8 hydras
  An anaconda (Lair:6)
  The ghost of stigmas the Grappler, a novice TrNe of Makhleb (Lair:2)
  3 centaur warriors
  An ogre mage (D:15)
  12 two-headed ogres
  A catoblepas (D:15)
  2 dancing weapons (D:14)
  A death yak (Lair:5)
  The ghost of Aizen the Tainter, a novice GnTm of Ashenzari (D:9)
  A tengu warrior (D:15)
  The ghost of hollowman the Protected, a novice HOFi of Okawaru (D:8)
  An orc high priest (Orc:2)
  A deep troll (shapeshifter) (D:14)
  2 wizards
  2 unseen horrors
  A necromancer (D:15)
  A wolf spider zombie (D:15)
  13 ugly things
  7 oklob plants
  2 deep elf magi (D:15)
  5 orc sorcerers
  3 manticores
  A salamander (shapeshifter) (D:14)
  A slime creature (D:12)
  19 elephants
  2 cyclopes
  A merfolk siren (Lair:3)
  Psyche (D:10)
  3 gargoyles
  3 black mambas
  A spiny frog (shapeshifter) (D:14)
  12 spiny frogs
  A kobold demonologist (D:11)
  5 rime drakes
  A rime drake (shapeshifter) (D:15)
  5 komodo dragons
  A redback zombie (D:15)
  6 trolls
  A merfolk (D:9)
  A polar bear (Lair:5)
  7 dream sheep (Lair:6)
  22 blink frogs
  14 hippogriffs
  2 redbacks (Lab)
  4 wyverns
  27 yaks
  2 wraiths
  6 hungry ghosts
  A steam dragon (Lair:2)
  7 vampire mosquitoes
  8 basilisks
  Edmund (D:4)
  A soldier ant (shapeshifter) (D:14)
  An acid dragon (D:11)
  3 hell hounds
  15 water moccasins
  16 porcupines
  A soldier ant (D:12)
  4 ice beasts
  29 orc warriors
  A phantom (D:7)
  2 black bears
  A hornet zombie (D:15)
  11 sky beasts
  A necrophage (D:11)
  7 wolves (Lair:4)
  An eye of draining (D:8)
  15 ogres
  5 boggarts (D:14)
  10 centaurs
  15 crocodiles
  A big kobold (D:12)
  21 bullfrogs
  A wyvern zombie (D:9)
  A water moccasin zombie (D:6)
  A wyvern skeleton (D:12)
  3 scorpions
  5 howler monkeys
  8 crimson imps
  A quasit (D:10)
  3 bullfrog skeletons
  8 centaur zombies
  9 hounds
  4 jellies
  12 orc priests
  24 orc wizards
  6 centaur skeletons
  7 iguanas
  13 hell rats
  7 worker ants
  A hound zombie (D:8)
  A hound skeleton (D:4)
  15 adders
  11 gnolls
  2 shadow imps
  2 oozes
  An adder skeleton (D:4)
  An adder zombie (D:7)
  3 worms
  A dart slug (D:2)
  5 leopard geckos
  89 orcs
  2 ball pythons
  8 giant cockroaches
  13 goblins
  5 hobgoblins
  14 jackals
  26 kobolds
  4 bats
  4 frilled lizards
  4 rats
  27 plants
759 creatures vanquished.

Vanquished Creatures (others)
  An orc wizard (D:12)
  An adder (D:9)
  An orc (Orc:1)
  14 fungi
  12 plants
29 creatures vanquished.

Grand Total: 788 creatures vanquished

Notes
Turn   | Place    | Note
-------+----------+-------------------------------------------
     0 | D:1      | JeffiDaFish the Gargoyle Fighter began the quest for the Orb.
     0 | D:1      | Reached XP level 1. HP: 14/14 MP: 1/1
    66 | D:1      | Reached XP level 2. HP: 19/19 MP: 2/2
   434 | D:1      | Reached XP level 3. HP: 23/24 MP: 3/3
  1073 | D:2      | Found a sparkling altar of Nemelex Xobeh.
  1188 | D:2      | Reached skill level 3 in Maces & Flails
  1250 | D:2      | Reached XP level 4. HP: 29/29 MP: 4/4
  1919 | D:3      | Found a white marble altar of Elyvilon.
  2045 | D:3      | Found a glowing golden altar of the Shining One.
  2053 | D:3      | Reached XP level 5. HP: 33/33 MP: 5/5
  2102 | D:3      | Reached skill level 4 in Maces & Flails
  2537 | D:3      | Found a sacrificial altar of Ru.
  2626 | D:3      | Reached XP level 6. HP: 38/38 MP: 6/6
  2929 | D:4      | Noticed Edmund
  2947 | D:4      | Killed Edmund
  2947 | D:4      | Reached skill level 5 in Maces & Flails
  2967 | D:4      | Gained mutation: You are dopey. (Int -2) [potion of mutation]
  2967 | D:4      | Gained mutation: Your natural rate of healing is unusually fast. [potion of mutation]
  2967 | D:4      | Gained mutation: You are occasionally teleported next to monsters. [potion of mutation]
  2967 | D:4      | Gained mutation: You are partially covered in yellow scales. (AC +2) [potion of mutation]
  2988 | D:4      | Reached skill level 5 in Shields
  2988 | D:4      | Reached XP level 7. HP: 41/44 MP: 7/7
  3160 | D:4      | Found an ancient bone altar of Kikubaaqudgha.
  3567 | D:5      | Entered Level 5 of the Dungeon
  3672 | D:5      | Reached skill level 6 in Maces & Flails
  3781 | D:5      | Reached XP level 8. HP: 48/48 MP: 8/8
  3956 | D:5      | Learned a level 3 spell: Mephitic Cloud
  4392 | D:6      | Found a staircase to the Ecumenical Temple.
  4398 | Temple   | Entered the Ecumenical Temple
  4444 | Temple   | Became a worshipper of Warmaster Okawaru
  4513 | D:6      | Reached skill level 7 in Maces & Flails
  4525 | D:6      | Reached skill level 5 in Fighting
  4640 | D:6      | Found Usmiudau's Jewellery Boutique.
  4817 | D:6      | Reached skill level 8 in Maces & Flails
  4953 | D:6      | Reached * piety under Okawaru
  4953 | D:6      | Reached XP level 9. HP: 50/54 MP: 9/9
  5275 | D:7      | Reached skill level 5 in Armour
  5488 | D:7      | Found a shadowy altar of Dithmenos.
  5490 | D:7      | Noticed a cyan ugly thing
  5525 | D:7      | Killed a cyan ugly thing
  5525 | D:7      | Reached skill level 9 in Maces & Flails
  5746 | D:7      | Found a stormy altar of Qazlal.
  5828 | D:7      | Reached ** piety under Okawaru
  6158 | D:7      | Reached skill level 10 in Maces & Flails
  6158 | D:7      | Reached skill level 1 in Dodging
  6166 | D:7      | Found a sparkling altar of Nemelex Xobeh.
  6177 | D:7      | Found a hazy altar of Hepliaklqana.
  6178 | D:7      | Found a blossoming altar of Fedhas.
  6470 | D:8      | Reached XP level 10. HP: 61/61 MP: 0/10
  6549 | D:8      | Reached *** piety under Okawaru
  6566 | D:8      | Found a roughly hewn altar of Beogh.
  7097 | D:8      | Noticed hollowman's ghost (novice HOFi)
  7120 | D:8      | Killed hollowman's ghost
  7120 | D:8      | Received a gift from Okawaru
  7146 | D:8      | Reached skill level 11 in Maces & Flails
  7310 | D:8      | Reached **** piety under Okawaru
  7431 | D:8      | Found a staircase to the Lair.
  7556 | D:8      | Found a bloodstained altar of Trog.
  7605 | Lair:1   | Entered Level 1 of the Lair of Beasts
  7641 | Lair:1   | Noticed a spiny frog
  7655 | Lair:1   | Killed a spiny frog
  7745 | Lair:1   | Reached skill level 1 in Stealth
  7979 | Lair:1   | Found a labyrinth entrance.
  7988 | Lab      | Entered a labyrinth
  8029 | Lab      | Reached XP level 11. HP: 67/67 MP: 11/11
  8048 | Lab      | Found an exit through the horrors of the Abyss.
  8084 | Lab      | Found an exit through the horrors of the Abyss.
  8101 | Lab      | Paralysed by fainting for 7 turns
  8117 | Lab      | Reached ***** piety under Okawaru
  8136 | Lab      | Paralysed by fainting for 6 turns
  8295 | Lab      | Noticed a minotaur
  8311 | Lab      | Killed a minotaur
  8825 | Lair:2   | Reached skill level 12 in Maces & Flails
  8891 | Lair:2   | Noticed Gastronok
  8912 | Lair:2   | Killed Gastronok
  8912 | Lair:2   | Received a gift from Okawaru
  8912 | Lair:2   | Reached skill level 10 in Shields
  9202 | Lair:2   | Received a gift from Okawaru
  9219 | Lair:2   | Reached XP level 12. HP: 59/76 MP: 10/12
  9288 | Lair:2   | Noticed stigmas's ghost (novice TrNe)
  9328 | Lair:2   | Killed stigmas's ghost
  9363 | Lair:2   | Identified a scroll of acquirement
  9364 | Lair:2   | Got a crude eveningstar
  9365 | Lair:2   | Identified the +2 eveningstar "Hotiucke" {drain, +Rage MP+9 Dex+4} (You acquired it on level 2 of the Lair of Beasts)
  9409 | Lair:2   | Found a sacrificial altar of Ru.
  9872 | Lair:3   | Reached ****** piety under Okawaru
  9887 | Lair:3   | Reached skill level 13 in Maces & Flails
  9904 | Lair:3   | Reached skill level 10 in Fighting
  9964 | Lair:3   | Found a staircase to the Shoals.
 10225 | Lair:3   | Received a gift from Okawaru
 10624 | Lair:3   | HP: 3/77 [acid (11)]
 10964 | Lair:3   | Reached XP level 13. HP: 81/83 MP: 13/13
 10984 | Lair:3   | Reached skill level 14 in Maces & Flails
 11433 | Lair:4   | Found a hole to the Spider Nest.
 12844 | Lair:5   | Received a gift from Okawaru
 12867 | Lair:5   | Got a warped scarf {god gift}
 12878 | Lair:5   | Identified the scarf "Arpheege" {rElec SInv} (Okawaru gifted it to you on level 5 of the Lair of Beasts)
 13242 | Lair:6   | Entered Level 6 of the Lair of Beasts
 13525 | Lair:6   | Reached skill level 15 in Maces & Flails
 13681 | Lair:6   | Gained mutation: Your large and strong wings let you fly indefinitely. [Gargoyle growth]
 13681 | Lair:6   | Reached XP level 14. HP: 78/90 MP: 14/14
 13705 | Lair:6   | Received a gift from Okawaru
 13771 | Lair:6   | Found a staircase to the Slime Pits.
 14319 | Lair:6   | Reached skill level 10 in Armour
 14419 | Lair:6   | Noticed a dire elephant
 14419 | Lair:6   | Noticed a dire elephant
 14437 | Lair:6   | Killed a dire elephant
 14446 | Lair:6   | Killed a dire elephant
 14523 | Lair:6   | Noticed a dire elephant
 14534 | Lair:6   | Killed a dire elephant
 14610 | Lair:6   | Noticed a dire elephant
 14623 | Lair:6   | Killed a dire elephant
 14762 | D:9      | Received a gift from Okawaru
 14830 | D:9      | Noticed Aizen's ghost (novice GnTm)
 14844 | D:9      | Killed Aizen's ghost
 15074 | D:9      | Found a sparkling altar of Nemelex Xobeh.
 15088 | D:9      | Found a snail-covered altar of Cheibriados.
 15112 | D:9      | Got a dazzling helmet
 15118 | D:9      | Identified the +0 helmet "Fanatau" {rCorr Int+6 Dex-3} (You acquired it on level 9 of the Dungeon)
 15630 | D:10     | Entered Level 10 of the Dungeon
 15645 | D:10     | Noticed Psyche
 15654 | D:10     | Killed Psyche
 16544 | D:11     | Reached skill level 16 in Maces & Flails
 16835 | D:11     | Found a staircase to the Orcish Mines.
 16884 | D:11     | Received a gift from Okawaru
 17856 | D:12     | Reached XP level 15. HP: 97/97 MP: 15/15
 18793 | D:14     | Received a gift from Okawaru
 18976 | D:14     | Found a gate to the Vaults.
 19242 | D:14     | Found Ownuod's Armour Emporium.
 19347 | D:15     | Entered Level 15 of the Dungeon
 19612 | D:15     | Received a gift from Okawaru
 19626 | D:15     | Reached skill level 15 in Shields
 19772 | D:15     | Reached skill level 17 in Maces & Flails
 19792 | D:15     | Received a gift from Okawaru
 19797 | D:15     | Identified the +0 chain mail "Hiqaulep" {Int+4} (Okawaru gifted it to you on level 15 of the Dungeon)
 19952 | D:15     | Found a glowing golden altar of the Shining One.
 20057 | D:15     | Found a deep blue altar of Sif Muna.
 20105 | D:15     | Reached XP level 16. HP: 96/104 MP: 14/16
 20137 | D:15     | Found a staircase to the Depths.
 20153 | D:15     | Reached skill level 1 in Conjurations
 20353 | Orc:1    | Entered Level 1 of the Orcish Mines
 20440 | Orc:1    | Found Mohauhac's Antique Armour Shoppe.
 20470 | Orc:1    | Found a roughly hewn altar of Beogh.
 20525 | Orc:1    | Reached skill level 1 in Spellcasting
 20574 | Orc:1    | Reached skill level 1 in Air Magic
 20656 | Orc:1    | Found a flagged portal.
 20661 | Bailey   | Entered a bailey
 20807 | Bailey   | Found a runed gate.
 20808 | Bailey   | Found a runed gate.
 20810 | Bailey   | Found a runed gate.
 20916 | Bailey   | Identified the cursed +1 whip of the Skies Above {freeze, rF+ Dex+3} (You found it in a bailey)
 20936 | Bailey   | Got a faintly glowing hat
 20947 | Bailey   | Identified the +0 hat "Jaismuve" {rPois} (You acquired it in a bailey)
 21261 | Orc:2    | Entered Level 2 of the Orcish Mines
 21315 | Orc:2    | Found Miuty's Jewellery Shoppe.
 21377 | Orc:2    | Reached skill level 1 in Poison Magic
 21406 | Orc:2    | Demolished by an orc knight

Vault maps used:
D:1:      minmay_arrival_four_loops
D:2:      first_bread, solitary_fountain, nemelex_dance_club_becter
D:3:      elyvilon_altar_1, nicolae_tso_swordbearing_angel,
          nicolae_ru_path_of_blood, kennysheep_generic_room_15
D:4:      old_standard_altar, uniq_edmund
D:6:      temple_green, serial_shops, shop
D:7:      grunt_temple_overflow_open, grunt_dithmenos_smoke_and_mirrors,
          marbit_many_paths
D:8:      lemuel_coloured_pillars_altar, lair_entry_dummy, special_room
D:9:      nicolae_overflow_crystal_walls, hangedman_fish_farm,
          nemelex_altar_shiori
D:10:     uniq_psyche
D:11:     orc_0_dummy
D:12:     wad_guarded_room
D:14:     erik_vaults_1, serial_shops, shop_statue, minivault_26
D:15:     grunt_enter_depths_magical_seal, basic_altar, tgw_sif, special_room
Temple:   pf_slimified_temple
Lair:1:   lab_entry_generic, st_stairs_8, serial_bayou_pond_e
Lair:2:   lemuel_oklob_altar, grunt_megastairs_1, uniq_gastronok
Lair:3:   minmay_lair_oklob_tunnel, minmay_shoals_entry_lonely_mermaid
Lair:4:   dummy_spider_entry
Lair:5:   wad_woods_road_05, minmay_lair_oklob_chamber
Lair:6:   due_jungle_book, minmay_slime_entry_oklob_open
Orc:1:    basic_altar, serial_shops, shop, enter_bailey_3
Orc:2:    grunt_orc_gardens, grunt_orc_garden, grunt_orc_garden,
          grunt_orc_garden, grunt_orc_garden, mines2_david, uniq_nessos
Lab:      nicolae_lab_statue, nicolae_lab_grate, nicolae_lab_flowing_pool,
          nicolae_lab_arrow, nicolae_lab_stuck, labyrinth_glass_1,
          nicolae_lab_hexagon
Bailey:   bailey_axe_bossmonster_kennysheep, bailey

Skill      XL: |  1  2  3  4  5  6  7  8  9 10 11 12 13 14 15 16 |
---------------+-------------------------------------------------+-----
Maces & Flails | 3 4 5 6 8 10 11 12 13 15 16 17 | 17.1
Shields        | 4 5 6 7 8 9 10 11 13 14 15 | 15.6
Fighting       | 4 5 6 7 9 10 11 12 13 | 13.9
Armour         | 4 5 6 8 9 10 11 | 11.9
Dodging        | 1 2 3 |  3.0
Stealth        | 1 2 |  2.2
Conjurations   | 1 |  1.4
Spellcasting   | 1 |  1.4
Air Magic      | 1 |  1.4
Poison Magic   | 1 |  1.4

Action                   |  1- 3 |  4- 6 |  7- 9 | 10-12 | 13-15 | 16-18 || total
-------------------------+-------+-------+-------+-------+-------+-------++-------
Melee: Flail             |   126 |   219 |   491 |   440 |       |       ||  1276
       Demon whip        |       |       |       |   137 |   299 |   336 ||   772
       Eveningstar       |       |       |       |   359 |  1109 |       ||  1468
  Use: Scroll            |     5 |     6 |     3 |     8 |    17 |     9 ||    48
       Potion            |     1 |     5 |     4 |     4 |     1 |     2 ||    17
  Eat: Chunk             |     1 |     6 |    12 |    13 |    34 |     4 ||    70
       Royal jelly       |       |       |       |     3 |       |       ||     3
       Bread ration      |       |       |       |     1 |       |       ||     1
       Fruit             |       |       |       |     1 |       |       ||     1
Armor: Scale mail        |    54 |    49 |       |       |       |       ||   103
       Plate armour      |       |   107 |   289 |   384 |   825 |   178 ||  1783
Dodge: Dodged            |    36 |    62 |    58 |   119 |   337 |    89 ||   701
Block: Shield            |    55 |   125 |   201 |   372 |   904 |   232 ||  1889
